Lightning vs Jets
Created - May 9, 2022 at 22:12
Goals
|
Lightning |
0 |
3 |
2 |
5 |
Jets |
2 |
3 |
2 |
7 |
|
Shots
|
Lightning |
5 |
14 |
10 |
29 |
Jets |
18 |
16 |
5 |
39 |
|
1st period
1. Jets , Viktor Arvidsson 21 (Ryan Johansen 46) at 0:04
2. Jets , Adam Henrique 30 (Kyle Okposo 21) at 19:20
Penalties :
Jimmy Vesey (T.B) for Delaying the game (Minor) at 9:56, Brandon Sutter (T.B) for Goalie Interference (Minor) at 12:54, Frank Vatrano (Win) for Tripping (Minor) at 18:48, Mark Scheifele (T.B) for Hooking (Minor) at 19:13
2nd period
3. Lightning , Kyle Clifford 37 (Shayne Gostisbehere 23, Mark Scheifele 45) at 4:03
4. Jets , Alexander Wennberg 13 (Eric Nystrom 4) at 4:34
5. Jets , Alexander Wennberg 14 (Pierre-Marc Bouchard 11, Eric Nystrom 5) at 8:57
6. Lightning , Mark Scheifele 22 (Joni Pitkanen 14) at 12:34
7. Jets , Frank Vatrano 3 (Noel Acciari 17, Dougie Hamilton 29) at 15:50
8. Lightning , Kevin Shattenkirk 15 (Jesper Fast 7, Ondrej Palat 8) at 18:10
Penalties :
Kevin Shattenkirk (T.B) for Hooking (Minor) at 19:19
3rd period
9. Jets , Ryan Johansen 22 (Jake McCabe 16) at 0:30 (PP)
10. Jets , Frank Vatrano 4 (Noel Acciari 18, Marco Scandella 13) at 1:29
11. Lightning , Nikolaj Ehlers 11 (Kevin Shattenkirk 38, Kyle Clifford 41) at 7:32 (PP)
12. Lightning , Kevin Shattenkirk 16 (Shayne Gostisbehere 24) at 15:37 (PP)
Penalties :
Adam Henrique (Win) for Hooking (Minor) at 7:11, Ryan Johansen (Win) for Interference (Minor) at 15:06, Shayne Gostisbehere (T.B) for Holding Stick (Minor) at 17:01
Goalie Stats
Jimmy Howard (T.B), 32 saves from 39 shots - (0.821), L, 17-21-5, 60:00 minutes
Michal Neuvirth (Win), 24 saves from 29 shots - (0.828), W, 21-22-2, 60:00 minutes
Players Stats for Lightning
Player Name G A P +/- PIM S H SB GA TA FO MP PP MP PK MP
------------------------------------------------------------------------------------
Brandon Sutter 0 0 0 -1 2 1 1 0 1 0 9/14 14:50 0:00 1:26
Brayden Point 0 0 0 0 0 0 4 0 0 0 4/13 13:58 0:11 0:20
Brent Seabrook 0 0 0 -2 0 0 1 2 0 2 0/0 21:52 0:00 5:08
Conor Sheary 0 0 0 -1 0 3 1 0 0 0 0/0 13:05 0:00 0:00
Erik Christensen 0 0 0 1 0 0 1 0 0 0 2/3 8:44 0:00 1:36
Jesper Fast 0 1 1 1 0 0 0 0 0 0 0/0 7:46 0:00 0:00
Jimmy Vesey 0 0 0 -1 2 3 0 1 1 0 1/4 16:11 0:11 0:52
Joni Pitkanen 0 1 1 -1 0 2 0 0 0 0 0/0 12:33 0:00 1:56
Justin Schultz 0 0 0 -1 0 1 1 5 1 1 0/0 18:32 0:00 2:25
Kevin Shattenkirk 2 1 3 -1 2 8 3 3 1 1 0/0 29:14 1:17 3:40
Kyle Clifford 1 1 2 -3 0 3 0 2 0 0 0/1 22:26 1:06 4:18
Mark Scheifele 1 1 2 -2 2 2 3 1 0 3 14/35 20:37 1:05 4:02
Nick Bjugstad 0 0 0 -2 0 1 2 0 1 0 0/1 15:58 0:11 0:00
Nikolaj Ehlers 1 0 1 0 0 3 1 0 0 0 0/0 14:26 1:06 0:00
Ondrej Palat 0 1 1 1 0 0 0 0 0 0 0/1 7:18 0:00 0:26
Sergei Shirokov 0 0 0 -1 0 2 1 0 0 0 0/0 15:23 0:00 2:06
Shayne Gostisbehere 0 2 2 0 2 0 2 4 1 1 0/0 26:53 1:17 1:40
Wiley Sherman 0 0 0 -1 0 0 0 2 0 1 0/0 11:02 0:00 0:17
Players Stats for Jets
Player Name G A P +/- PIM S H SB GA TA FO MP PP MP PK MP
------------------------------------------------------------------------------------
Adam Henrique 1 0 1 -1 2 5 0 0 2 0 12/20 17:11 4:15 0:00
Alexander Wennberg 2 0 2 2 0 2 1 0 0 0 4/6 12:51 1:34 0:00
Brent Burns 0 0 0 3 0 3 1 0 0 0 0/0 23:02 2:44 1:17
Dougie Hamilton 0 1 1 0 0 2 3 1 3 0 0/0 24:48 4:49 0:00
Eric Nystrom 0 2 2 2 0 1 1 1 1 1 0/0 15:22 0:25 0:00
Frank Vatrano 2 0 2 2 2 3 1 0 0 0 1/1 12:05 0:38 0:52
Jake McCabe 0 1 1 0 0 0 1 3 0 0 0/0 16:34 4:24 0:00
Jason Zucker 0 0 0 1 0 0 1 0 0 1 0/3 7:55 2:03 0:00
Jeff Schultz 0 0 0 1 0 3 0 1 1 1 0/0 24:53 0:00 1:17
Johnny Boychuk 0 0 0 0 0 2 1 1 0 0 0/0 12:10 0:00 0:00
Jordan Martinook 0 0 0 1 0 1 0 0 0 0 1/1 10:55 0:00 0:00
Kyle Okposo 0 1 1 -1 0 5 1 0 0 0 0/1 16:57 3:44 0:25
Marco Scandella 0 1 1 2 0 0 1 2 1 0 0/0 18:33 3:09 0:00
Max Domi 0 0 0 -2 0 2 0 0 1 0 2/3 20:58 3:05 0:00
Noel Acciari 0 2 2 2 0 0 0 0 0 2 6/10 11:12 0:00 1:17
Pierre-Marc Bouchard 0 1 1 2 0 2 0 0 0 0 0/1 11:00 0:00 0:00
Ryan Johansen 1 1 2 0 2 6 3 0 0 1 15/24 20:05 3:05 0:00
Viktor Arvidsson 1 0 1 0 0 2 1 0 0 0 1/2 20:35 3:50 0:00
3 Stars
1 - Alexander Wennberg (Win)
2 - Frank Vatrano (Win)
3 - Kevin Shattenkirk (T.B)
Power Play
Lightning - 2 on 3 Attempt(s) - 66.67%
Jets - 1 on 5 Attempt(s) - 20.00%
Penalty Kill
Lightning - 4 on 5 Attempt(s) - 80.00%
- Score 0 goal in Penalty Kill
Jets - 1 on 3 Attempt(s) - 33.33%
- Score 0 goal in Penalty Kill
Team Stat
Lightning - Hits : 21 - Faceoff Wins : 30 - Blocked Shots : 20 - Penalty Minutes : 10
Jets - Hits : 16 - Faceoff Wins : 42 - Blocked Shots : 9 - Penalty Minutes : 6
Official
Referees : Jean Hebert and Chris Lee
Linesman : Julien Fournier and Kyle Flemington
Game Notes
Jason Zucker is injured at 3:19 of 2nd period (Right Leg)
Finance
Level 1 -- Attendance: 5721 (95.35%) -- Ticket Income $572,100
Level 2 -- Attendance: 5000 (100.00%) -- Ticket Income $300,000
Level 3 -- Attendance: 2000 (100.00%) -- Ticket Income $70,000
Level 4 -- Attendance: 4000 (100.00%) -- Ticket Income $100,000
Luxury Box -- Attendance: 971 (97.10%) -- Ticket Income $194,200
Game was played at the Bell MTS Place.
Total Attendance: 17692 (98.29%)
Total Ticket Income: $1,236,300
Other Income: $185,445
Total Income: $1,421,745
Lightning
5 vs 5 Forward
Center Left Wing Right Wing Time % Phy DF OF
1 Mark Scheifele Kyle Clifford Nick Bjugstad 35 1 2 2
2 Brandon Sutter Sergei Shirokov Conor Sheary 30 1 2 2
3 Brayden Point Jimmy Vesey Nikolaj Ehlers 30 1 2 2
4 Erik Christensen Ondrej Palat Jesper Fast 5 1 2 2
5 vs 5 Defense
Defense Defense Time % Phy DF OF
1 Shayne Gostisbehere Kevin Shattenkirk 40 1 2 2
2 Justin Schultz Brent Seabrook 30 1 2 2
3 Joni Pitkanen Wiley Sherman 20 1 2 2
4 Shayne Gostisbehere Kevin Shattenkirk 10 1 2 2
PowerPlay Forward
Center Left Wing Right Wing Time % Phy DF OF
1 Mark Scheifele Kyle Clifford Nikolaj Ehlers 55 1 1 3
2 Brayden Point Jimmy Vesey Nick Bjugstad 45 1 1 3
PowerPlay Defense
Defense Defense Time % Phy DF OF
1 Kevin Shattenkirk Shayne Gostisbehere 60 1 2 2
2 Justin Schultz Joni Pitkanen 40 1 2 2
Penalty Kill 4 Players Forward
Center Wing Time % Phy DF OF
1 Mark Scheifele Kyle Clifford 60 1 2 2
2 Brandon Sutter Sergei Shirokov 40 1 2 2
Penalty Kill 4 Players Defense
Defense Defense Time % Phy DF OF
1 Kevin Shattenkirk Brent Seabrook 60 1 2 2
2 Justin Schultz Shayne Gostisbehere 40 1 2 2
Penalty Kill - 3 Players Forward
Forward Time % Phy DF OF
1 Mark Scheifele 60 1 2 2
2 Brandon Sutter 40 1 2 2
Penalty Kill - 3 Players Defense
Defense Defense Time % Phy DF OF
1 Kevin Shattenkirk Brent Seabrook 60 1 2 2
2 Justin Schultz Shayne Gostisbehere 40 1 2 2
4 vs 4 Forward
Center Wing Time % Phy DF OF
1 Mark Scheifele Kyle Clifford 60 1 2 2
2 Brayden Point Nick Bjugstad 40 1 2 2
4 vs 4 Defense
Defense Defense Time % Phy DF OF
1 Kevin Shattenkirk Brent Seabrook 50 1 2 2
2 Justin Schultz Shayne Gostisbehere 50 1 2 2
Last Minutes Offensive
Center Left Wing Right Wing Defense Defense
Mark Scheifele Kyle Clifford Nick Bjugstad Kevin Shattenkirk Shayne Gostisbehere
Last Minutes Defensive
Center Left Wing Right Wing Defense Defense
Mark Scheifele Kyle Clifford Nick Bjugstad Kevin Shattenkirk Brent Seabrook
Goaltenders
Starting : Jimmy Howard
Backup : Alex Nedeljkovic
Extra Forwards
Normal : Jimmy Vesey, Jesper Fast, Erik Christensen - PP : Jimmy Vesey, Jesper Fast - PK : Erik Christensen
Extra Defensemen
Normal : Shayne Gostisbehere, Joni Pitkanen, Wiley Sherman - PP : Shayne Gostisbehere - PK : Joni Pitkanen, Wiley Sherman
Penalty Shots
Kyle Clifford, Mark Scheifele, Brayden Point, Nick Bjugstad, Conor Sheary
Scratches
Alex Killorn (Healthy), Cody Goloubef (Healthy), Derek Meech (Healthy), Kevin Connauton (Healthy), Peter Prucha (Healthy)
Jets
5 vs 5 Forward
Center Left Wing Right Wing Time % Phy DF OF
1 Ryan Johansen Jason Zucker Viktor Arvidsson 40 1 2 2
2 Adam Henrique Max Domi Kyle Okposo 30 1 2 2
3 Alexander Wennberg Eric Nystrom Pierre-Marc Bouchard 20 1 2 2
4 Noel Acciari Jordan Martinook Frank Vatrano 10 1 2 2
5 vs 5 Defense
Defense Defense Time % Phy DF OF
1 Jeff Schultz Dougie Hamilton 40 1 2 2
2 Marco Scandella Brent Burns 30 1 2 2
3 Jake McCabe Johnny Boychuk 20 1 2 2
4 Jeff Schultz Brent Burns 10 1 2 2
PowerPlay Forward
Center Left Wing Right Wing Time % Phy DF OF
1 Adam Henrique Jason Zucker Viktor Arvidsson 60 0 0 5
2 Ryan Johansen Max Domi Kyle Okposo 40 0 0 5
PowerPlay Defense
Defense Defense Time % Phy DF OF
1 Jake McCabe Dougie Hamilton 60 0 1 4
2 Marco Scandella Brent Burns 40 0 1 4
Penalty Kill 4 Players Forward
Center Wing Time % Phy DF OF
1 Noel Acciari Frank Vatrano 60 0 4 1
2 Ryan Johansen Eric Nystrom 40 0 4 1
Penalty Kill 4 Players Defense
Defense Defense Time % Phy DF OF
1 Jeff Schultz Brent Burns 60 0 4 1
2 Marco Scandella Johnny Boychuk 40 0 4 1
Penalty Kill - 3 Players Forward
Forward Time % Phy DF OF
1 Adam Henrique 60 0 4 1
2 Ryan Johansen 40 0 4 1
Penalty Kill - 3 Players Defense
Defense Defense Time % Phy DF OF
1 Jeff Schultz Brent Burns 60 0 5 0
2 Marco Scandella Dougie Hamilton 40 0 5 0
4 vs 4 Forward
Center Wing Time % Phy DF OF
1 Adam Henrique Kyle Okposo 60 1 2 2
2 Ryan Johansen Jason Zucker 40 1 2 2
4 vs 4 Defense
Defense Defense Time % Phy DF OF
1 Jeff Schultz Brent Burns 60 1 2 2
2 Marco Scandella Dougie Hamilton 40 1 2 2
Last Minutes Offensive
Center Left Wing Right Wing Defense Defense
Ryan Johansen Jason Zucker Viktor Arvidsson Jeff Schultz Dougie Hamilton
Last Minutes Defensive
Center Left Wing Right Wing Defense Defense
Ryan Johansen Eric Nystrom Frank Vatrano Jeff Schultz Brent Burns
Goaltenders
Starting : Michal Neuvirth
Backup : Marc-André Fleury
Extra Forwards
Normal : Jason Zucker, Max Domi, Viktor Arvidsson - PP : Alexander Wennberg, Kyle Okposo - PK : Kyle Okposo
Extra Defensemen
Normal : Dougie Hamilton, Jake McCabe, Johnny Boychuk - PP : Dougie Hamilton - PK : Dougie Hamilton, Jake McCabe
Penalty Shots
Viktor Arvidsson, Ryan Johansen, Jason Zucker, Noel Acciari, Kyle Okposo
Scratches
None
% Time on Ice - Lightning
Lines # - Real PCT - Wanted PCT - Time Play
Normal Forward
1 - 32% - 35% - 16:07
2 - 27% - 30% - 13:17
3 - 27% - 30% - 13:20
4 - 14% - 5% - 6:52
Normal Defense
1 - 41% - 40% - 20:23
2 - 32% - 30% - 15:46
3 - 21% - 20% - 10:37
4 - 6% - 10% - 2:50
PP Forward
1 - 86% - 55% - 1:06
2 - 14% - 45% - 0:11
PP Defense
1 - 100% - 60% - 1:17
2 - 0% - 40% - 0:00
PK Forward
1 - 72% - 60% - 5:27
2 - 28% - 40% - 2:06
PK Defense
1 - 64% - 60% - 4:51
2 - 36% - 40% - 2:42
PK3 Forward
1 - 0% - 60%
2 - 0% - 40%
PK3 Defense
1 - 0% - 60%
2 - 0% - 40%
44 Forward
1 - 100% - 60% - 1:34
2 - 0% - 40% - 0:00
44 Defense
1 - 69% - 50% - 1:05
2 - 31% - 50% - 0:29
Last Minute Offensive - 0:00
Last Minute Defensive - 0:00
Total
Forward - 60:00
Defense - 60:00
|
% Time on Ice - Jets
Lines # - Real PCT - Wanted PCT - Time Play
Normal Forward
1 - 35% - 40% - 17:26
2 - 23% - 30% - 11:15
3 - 22% - 20% - 11:00
4 - 20% - 10% - 9:55
Normal Defense
1 - 39% - 40% - 19:32
2 - 30% - 30% - 15:02
3 - 25% - 20% - 12:10
4 - 6% - 10% - 2:52
PP Forward
1 - 59% - 60% - 4:28
2 - 41% - 40% - 3:05
PP Defense
1 - 58% - 60% - 4:24
2 - 42% - 40% - 3:09
PK Forward
1 - 100% - 60% - 1:17
2 - 0% - 40% - 0:00
PK Defense
1 - 100% - 60% - 1:17
2 - 0% - 40% - 0:00
PK3 Forward
1 - 0% - 60%
2 - 0% - 40%
PK3 Defense
1 - 0% - 60%
2 - 0% - 40%
44 Forward
1 - 94% - 60% - 1:28
2 - 6% - 40% - 0:06
44 Defense
1 - 77% - 60% - 1:12
2 - 23% - 40% - 0:22
Last Minute Offensive - 0:00
Last Minute Defensive - 0:00
Total
Forward - 60:00
Defense - 60:00
|
Play-by-Play
1st period
0:01 of 1st period - Viktor Arvidsson wins face-off versus Mark Scheifele in neutral zone.
0:04 of 1st period - Backhand shot by Viktor Arvidsson.
0:04 of 1st period - Goal by Viktor Arvidsson - Lightning : 0 - Jets : 1.
0:05 of 1st period - Adam Henrique wins face-off versus Brandon Sutter in neutral zone.
0:16 of 1st period - Wrist shot by Kyle Okposo.
0:16 of 1st period - Stopped by Jimmy Howard with a rebound.
0:32 of 1st period - Brent Seabrook is hit by Jason Zucker and loses puck.
1:53 of 1st period - Snap shot by Adam Henrique.
1:53 of 1st period - Shot Blocked by Kevin Shattenkirk.
2:53 of 1st period - Snap shot by Alexander Wennberg.
2:53 of 1st period - Shot Blocked by Kevin Shattenkirk.
2:55 of 1st period - Slapshot by Dougie Hamilton.
2:55 of 1st period - Shot Misses the Net.
2:57 of 1st period - Slapshot by Dougie Hamilton.
2:57 of 1st period - Shot Blocked by Shayne Gostisbehere.
2:59 of 1st period - Slapshot by Jeff Schultz.
2:59 of 1st period - Stopped by Jimmy Howard without a rebound.
3:00 of 1st period - Ryan Johansen wins face-off versus Mark Scheifele in Lightning zone.
3:09 of 1st period - Ryan Johansen is hit by Brent Seabrook.
3:36 of 1st period - Slapshot by Kyle Okposo.
3:36 of 1st period - Shot Blocked by Wiley Sherman.
3:50 of 1st period - Slapshot by Kyle Okposo.
3:50 of 1st period - Stopped by Jimmy Howard with a rebound.
4:09 of 1st period - Off-side.
4:10 of 1st period - Erik Christensen wins face-off versus Jason Zucker in neutral zone.
4:39 of 1st period - Snap shot by Adam Henrique.
4:39 of 1st period - Stopped by Jimmy Howard with a rebound.
4:41 of 1st period - Slapshot by Marco Scandella.
4:41 of 1st period - Deflect By Kyle Okposo.
4:41 of 1st period - Shot Misses the Net.
4:41 of 1st period - Puck is out of play.
4:42 of 1st period - Adam Henrique wins face-off versus Mark Scheifele in Lightning zone.
5:12 of 1st period - Backhand shot by Brent Burns.
5:12 of 1st period - Shot Blocked by Justin Schultz.
5:14 of 1st period - Slapshot by Brent Burns.
5:14 of 1st period - Shot Blocked by Mark Scheifele.
5:16 of 1st period - Slapshot by Brent Burns.
5:16 of 1st period - Stopped by Jimmy Howard with a rebound.
5:18 of 1st period - Snap shot by Johnny Boychuk.
5:18 of 1st period - Stopped by Jimmy Howard without a rebound.
5:19 of 1st period - Brandon Sutter wins face-off versus Ryan Johansen in Lightning zone.
5:45 of 1st period - Off-side.
5:46 of 1st period - Brayden Point wins face-off versus Alexander Wennberg in neutral zone.
5:59 of 1st period - Snap shot by Pierre-Marc Bouchard.
5:59 of 1st period - Stopped by Jimmy Howard without a rebound.
6:00 of 1st period - Brandon Sutter wins face-off versus Jason Zucker in Lightning zone.
6:09 of 1st period - Snap shot by Conor Sheary.
6:09 of 1st period - Deflect By Sergei Shirokov.
6:09 of 1st period - Shot Blocked by Marco Scandella.
6:09 of 1st period - Puck is out of play.
6:10 of 1st period - Brandon Sutter wins face-off versus Ryan Johansen in Jets zone.
6:49 of 1st period - Brent Burns is hit by Sergei Shirokov and loses puck.
7:04 of 1st period - Wrist shot by Conor Sheary.
7:04 of 1st period - Stopped by Michal Neuvirth without a rebound.
7:05 of 1st period - Adam Henrique wins face-off versus Brayden Point in Jets zone.
7:12 of 1st period - Wrist shot by Kyle Okposo.
7:12 of 1st period - Shot Blocked by Justin Schultz.
7:14 of 1st period - Slapshot by Dougie Hamilton.
7:14 of 1st period - Shot Blocked by Brent Seabrook.
7:16 of 1st period - Slapshot by Dougie Hamilton.
7:16 of 1st period - Deflect By Adam Henrique.
7:16 of 1st period - Stopped by Jimmy Howard without a rebound.
7:17 of 1st period - Alexander Wennberg wins face-off versus Mark Scheifele in Lightning zone.
7:30 of 1st period - Wrist shot by Pierre-Marc Bouchard.
7:30 of 1st period - Stopped by Jimmy Howard without a rebound.
7:31 of 1st period - Jordan Martinook wins face-off versus Brayden Point in Lightning zone.
7:32 of 1st period - Snap shot by Frank Vatrano.
7:32 of 1st period - Stopped by Jimmy Howard without a rebound.
7:33 of 1st period - Noel Acciari wins face-off versus Jimmy Vesey in Lightning zone.
7:58 of 1st period - Jeff Schultz is hit by Shayne Gostisbehere and loses puck.
8:05 of 1st period - Wrist shot by Mark Scheifele.
8:05 of 1st period - Shot Misses the Net.
9:23 of 1st period - Viktor Arvidsson is hit by Nick Bjugstad and loses puck.
9:32 of 1st period - Snap shot by Kyle Clifford.
9:32 of 1st period - Stopped by Michal Neuvirth with a rebound.
9:39 of 1st period - Icing by Jake McCabe.
9:40 of 1st period - Ryan Johansen wins face-off versus Brandon Sutter in Jets zone.
9:50 of 1st period - Snap shot by Max Domi.
9:50 of 1st period - Stopped by Jimmy Howard with a rebound.
9:52 of 1st period - Snap shot by Johnny Boychuk.
9:52 of 1st period - Deflect By Adam Henrique.
9:52 of 1st period - Stopped by Jimmy Howard without a rebound.
9:53 of 1st period - Brayden Point wins face-off versus Jason Zucker in Lightning zone.
9:53 of 1st period - Brayden Point is hit by Ryan Johansen.
9:56 of 1st period - Minor Penalty to Jimmy Vesey for Delaying the game.
9:57 of 1st period - Adam Henrique wins face-off versus Mark Scheifele in Lightning zone.
10:34 of 1st period - Brandon Sutter is hit by Dougie Hamilton and loses puck.
11:15 of 1st period - Kevin Shattenkirk is hit by Brent Burns.
11:56 of 1st period - Penalty to Jimmy Vesey is over, Jimmy Vesey is back on ice.
12:30 of 1st period - Wrist shot by Noel Acciari.
12:30 of 1st period - Deflect By Frank Vatrano.
12:30 of 1st period - Shot Misses the Net.
12:30 of 1st period - Puck is out of play.
12:31 of 1st period - Frank Vatrano wins face-off versus Brandon Sutter in Lightning zone.
12:47 of 1st period - Dougie Hamilton is hit by Kevin Shattenkirk.
12:54 of 1st period - Minor Penalty to Brandon Sutter for Goalie Interference.
12:55 of 1st period - Mark Scheifele wins face-off versus Adam Henrique in Lightning zone.
14:05 of 1st period - Dougie Hamilton is hit by Brayden Point.
14:54 of 1st period - Penalty to Brandon Sutter is over, Brandon Sutter is back on ice.
15:28 of 1st period - Snap shot by Jimmy Vesey.
15:28 of 1st period - Stopped by Michal Neuvirth with a rebound.
16:14 of 1st period - Snap shot by Jimmy Vesey.
16:14 of 1st period - Stopped by Michal Neuvirth without a rebound.
16:15 of 1st period - Brayden Point wins face-off versus Noel Acciari in Jets zone.
16:16 of 1st period - Snap shot by Jimmy Vesey.
16:16 of 1st period - Stopped by Michal Neuvirth without a rebound.
16:17 of 1st period - Noel Acciari wins face-off versus Mark Scheifele in Jets zone.
16:24 of 1st period - Slapshot by Jake McCabe.
16:24 of 1st period - Shot Misses the Net.
16:45 of 1st period - Mark Scheifele is hit by Frank Vatrano and loses puck.
16:52 of 1st period - Wrist shot by Noel Acciari.
16:52 of 1st period - Shot Blocked by Justin Schultz.
16:54 of 1st period - Snap shot by Johnny Boychuk.
16:54 of 1st period - Stopped by Jimmy Howard without a rebound.
16:55 of 1st period - Ryan Johansen wins face-off versus Brayden Point in Lightning zone.
17:06 of 1st period - Slapshot by Viktor Arvidsson.
17:06 of 1st period - Shot Misses the Net.
17:08 of 1st period - Wrist shot by Viktor Arvidsson.
17:08 of 1st period - Shot Misses the Net.
17:10 of 1st period - Slapshot by Dougie Hamilton.
17:10 of 1st period - Stopped by Jimmy Howard with a rebound.
17:12 of 1st period - Slapshot by Dougie Hamilton.
17:12 of 1st period - Shot Misses the Net.
18:18 of 1st period - Slapshot by Viktor Arvidsson.
18:18 of 1st period - Shot Misses the Net.
18:20 of 1st period - Snap shot by Ryan Johansen.
18:20 of 1st period - Shot Blocked by Kyle Clifford.
18:22 of 1st period - Snap shot by Ryan Johansen.
18:22 of 1st period - Shot Misses the Net.
18:42 of 1st period - Backhand shot by Nikolaj Ehlers.
18:42 of 1st period - Shot Blocked by Jeff Schultz.
18:48 of 1st period - Minor Penalty to Frank Vatrano for Tripping.
18:49 of 1st period - Noel Acciari wins face-off versus Mark Scheifele in Jets zone.
18:58 of 1st period - Wrist shot by Kyle Okposo.
18:58 of 1st period - Deflect By Noel Acciari.
18:58 of 1st period - Shot Misses the Net.
18:58 of 1st period - Puck is out of play.
18:59 of 1st period - Noel Acciari wins face-off versus Mark Scheifele in Lightning zone.
19:02 of 1st period - Slapshot by Noel Acciari.
19:02 of 1st period - Shot Blocked by Kevin Shattenkirk.
19:04 of 1st period - Snap shot by Brent Burns.
19:04 of 1st period - Shot Blocked by Shayne Gostisbehere.
19:06 of 1st period - Slapshot by Jeff Schultz.
19:06 of 1st period - Stopped by Jimmy Howard with a rebound.
19:08 of 1st period - Wrist shot by Jeff Schultz.
19:08 of 1st period - Shot Blocked by Shayne Gostisbehere.
19:10 of 1st period - Snap shot by Kyle Okposo.
19:10 of 1st period - Stopped by Jimmy Howard without a rebound.
19:11 of 1st period - Mark Scheifele wins face-off versus Noel Acciari in Lightning zone.
19:13 of 1st period - Minor Penalty to Mark Scheifele for Hooking.
19:14 of 1st period - Adam Henrique wins face-off versus Jimmy Vesey in Lightning zone.
19:20 of 1st period - Snap shot by Adam Henrique.
19:20 of 1st period - Goal by Adam Henrique - Lightning : 0 - Jets : 2.
19:21 of 1st period - Jimmy Vesey wins face-off versus Adam Henrique in neutral zone.
Goals for this period are 0 for Lightning vs 2 for Jets.
Shots for this period are 5 for Lightning vs 18 for Jets.
2nd period
0:01 of 2nd period - Adam Henrique wins face-off versus Jimmy Vesey in neutral zone.
0:04 of 2nd period - Snap shot by Brent Burns.
0:04 of 2nd period - Shot Blocked by Kyle Clifford.
0:47 of 2nd period - Snap shot by Adam Henrique.
0:47 of 2nd period - Shot Misses the Net.
0:48 of 2nd period - Penalty to Frank Vatrano is over, Frank Vatrano is back on ice.
1:07 of 2nd period - Slapshot by Marco Scandella.
1:07 of 2nd period - Shot Blocked by Brent Seabrook.
1:13 of 2nd period - Penalty to Mark Scheifele is over, Mark Scheifele is back on ice.
1:17 of 2nd period - Slapshot by Kyle Okposo.
1:17 of 2nd period - Stopped by Jimmy Howard without a rebound.
1:18 of 2nd period - Brandon Sutter wins face-off versus Ryan Johansen in Lightning zone.
1:24 of 2nd period - Off-side.
1:25 of 2nd period - Brandon Sutter wins face-off versus Viktor Arvidsson in neutral zone.
1:40 of 2nd period - Off-side.
1:41 of 2nd period - Brandon Sutter wins face-off versus Ryan Johansen in neutral zone.
1:56 of 2nd period - Wrist shot by Viktor Arvidsson.
1:56 of 2nd period - Shot Misses the Net.
2:29 of 2nd period - Snap shot by Brandon Sutter.
2:29 of 2nd period - Stopped by Michal Neuvirth with a rebound.
2:31 of 2nd period - Wrist shot by Joni Pitkanen.
2:31 of 2nd period - Stopped by Michal Neuvirth without a rebound.
2:32 of 2nd period - Mark Scheifele wins face-off versus Alexander Wennberg in Jets zone.
2:58 of 2nd period - Jimmy Vesey is hit by Viktor Arvidsson.
3:18 of 2nd period - Jason Zucker is hit by Erik Christensen and loses puck.
3:19 of 2nd period - Jason Zucker from Jets is injured at 3:19 of 2nd period (Right Leg).
3:20 of 2nd period - Mark Scheifele wins face-off versus Adam Henrique in Jets zone.
3:27 of 2nd period - Snap shot by Mark Scheifele.
3:27 of 2nd period - Stopped by Michal Neuvirth with a rebound.
3:29 of 2nd period - Slapshot by Nick Bjugstad.
3:29 of 2nd period - Stopped by Michal Neuvirth without a rebound.
3:30 of 2nd period - Mark Scheifele wins face-off versus Adam Henrique in Jets zone.
4:01 of 2nd period - Slapshot by Shayne Gostisbehere.
4:01 of 2nd period - Shot Misses the Net.
4:03 of 2nd period - Snap shot by Kyle Clifford.
4:03 of 2nd period - Goal by Kyle Clifford - Lightning : 1 - Jets : 2.
4:04 of 2nd period - Ryan Johansen wins face-off versus Brayden Point in neutral zone.
4:07 of 2nd period - Nikolaj Ehlers is hit by Ryan Johansen and loses puck.
4:18 of 2nd period - Viktor Arvidsson is hit by Brayden Point.
4:30 of 2nd period - Kevin Shattenkirk is hit by Alexander Wennberg.
4:34 of 2nd period - Wrist shot by Alexander Wennberg.
4:34 of 2nd period - Goal by Alexander Wennberg - Lightning : 1 - Jets : 3.
4:35 of 2nd period - Max Domi wins face-off versus Mark Scheifele in neutral zone.
4:52 of 2nd period - Slapshot by Viktor Arvidsson.
4:52 of 2nd period - Shot Misses the Net.
5:02 of 2nd period - Alexander Wennberg is hit by Kevin Shattenkirk.
5:06 of 2nd period - Snap shot by Dougie Hamilton.
5:06 of 2nd period - Deflect By Eric Nystrom.
5:06 of 2nd period - Stopped by Jimmy Howard with a rebound.
5:42 of 2nd period - Wrist shot by Ryan Johansen.
5:42 of 2nd period - Stopped by Jimmy Howard with a rebound.
5:44 of 2nd period - Wrist shot by Ryan Johansen.
5:44 of 2nd period - Shot Misses the Net.
5:46 of 2nd period - Slapshot by Jake McCabe.
5:46 of 2nd period - Deflect By Ryan Johansen.
5:46 of 2nd period - Shot Misses the Net.
5:46 of 2nd period - Puck is out of play.
5:47 of 2nd period - Ryan Johansen wins face-off versus Mark Scheifele in Lightning zone.
5:50 of 2nd period - Snap shot by Ryan Johansen.
5:50 of 2nd period - Deflect By Brent Seabrook.
5:50 of 2nd period - Stopped by Jimmy Howard without a rebound.
5:51 of 2nd period - Ryan Johansen wins face-off versus Mark Scheifele in Lightning zone.
6:00 of 2nd period - Snap shot by Ryan Johansen.
6:00 of 2nd period - Shot Misses the Net.
6:18 of 2nd period - Brayden Point is hit by Eric Nystrom and loses puck.
6:59 of 2nd period - Slapshot by Jeff Schultz.
6:59 of 2nd period - Stopped by Jimmy Howard without a rebound.
7:00 of 2nd period - Adam Henrique wins face-off versus Erik Christensen in Lightning zone.
7:01 of 2nd period - Slapshot by Kyle Okposo.
7:01 of 2nd period - Stopped by Jimmy Howard with a rebound.
7:03 of 2nd period - Wrist shot by Kyle Okposo.
7:03 of 2nd period - Deflect By Adam Henrique.
7:03 of 2nd period - Shot Misses the Net.
7:03 of 2nd period - Puck is out of play.
7:04 of 2nd period - Max Domi wins face-off versus Mark Scheifele in Lightning zone.
7:09 of 2nd period - Wrist shot by Adam Henrique.
7:09 of 2nd period - Stopped by Jimmy Howard with a rebound.
7:11 of 2nd period - Slapshot by Brent Burns.
7:11 of 2nd period - Stopped by Jimmy Howard without a rebound.
7:12 of 2nd period - Ryan Johansen wins face-off versus Mark Scheifele in Lightning zone.
7:24 of 2nd period - Off-side.
7:25 of 2nd period - Mark Scheifele wins face-off versus Adam Henrique in neutral zone.
7:28 of 2nd period - Slapshot by Kevin Shattenkirk.
7:28 of 2nd period - Stopped by Michal Neuvirth without a rebound.
7:29 of 2nd period - Mark Scheifele wins face-off versus Kyle Okposo in Jets zone.
7:30 of 2nd period - Snap shot by Kevin Shattenkirk.
7:30 of 2nd period - Deflect By Mark Scheifele.
7:30 of 2nd period - Shot Misses the Net.
7:30 of 2nd period - Puck is out of play.
7:31 of 2nd period - Mark Scheifele wins face-off versus Adam Henrique in Jets zone.
8:07 of 2nd period - Slapshot by Nikolaj Ehlers.
8:07 of 2nd period - Stopped by Michal Neuvirth with a rebound.
8:17 of 2nd period - Conor Sheary is hit by Marco Scandella and loses puck.
8:57 of 2nd period - Snap shot by Alexander Wennberg.
8:57 of 2nd period - Goal by Alexander Wennberg - Lightning : 1 - Jets : 4.
8:58 of 2nd period - Ryan Johansen wins face-off versus Brayden Point in neutral zone.
9:35 of 2nd period - Backhand shot by Justin Schultz.
9:35 of 2nd period - Deflect By Conor Sheary.
9:35 of 2nd period - Stopped by Michal Neuvirth with a rebound.
9:37 of 2nd period - Wrist shot by Conor Sheary.
9:37 of 2nd period - Stopped by Michal Neuvirth without a rebound.
9:38 of 2nd period - Alexander Wennberg wins face-off versus Mark Scheifele in Jets zone.
9:45 of 2nd period - Snap shot by Kevin Shattenkirk.
9:45 of 2nd period - Shot Blocked by Eric Nystrom.
9:47 of 2nd period - Snap shot by Nick Bjugstad.
9:47 of 2nd period - Deflect By Kyle Clifford.
9:47 of 2nd period - Stopped by Michal Neuvirth with a rebound.
11:08 of 2nd period - Snap shot by Mark Scheifele.
11:08 of 2nd period - Shot Misses the Net.
11:40 of 2nd period - Jimmy Vesey is hit by Dougie Hamilton and loses puck.
11:51 of 2nd period - Kyle Okposo is hit by Shayne Gostisbehere and loses puck.
12:18 of 2nd period - Slapshot by Dougie Hamilton.
12:18 of 2nd period - Stopped by Jimmy Howard without a rebound.
12:19 of 2nd period - Mark Scheifele wins face-off versus Ryan Johansen in Lightning zone.
12:26 of 2nd period - Snap shot by Joni Pitkanen.
12:26 of 2nd period - Stopped by Michal Neuvirth without a rebound.
12:27 of 2nd period - Ryan Johansen wins face-off versus Mark Scheifele in Jets zone.
12:34 of 2nd period - Wrist shot by Mark Scheifele.
12:34 of 2nd period - Goal by Mark Scheifele - Lightning : 2 - Jets : 4.
12:35 of 2nd period - Ryan Johansen wins face-off versus Kyle Clifford in neutral zone.
12:42 of 2nd period - Wrist shot by Ryan Johansen.
12:42 of 2nd period - Shot Misses the Net.
12:53 of 2nd period - Shayne Gostisbehere is hit by Ryan Johansen and loses puck.
15:48 of 2nd period - Snap shot by Frank Vatrano.
15:48 of 2nd period - Shot Blocked by Justin Schultz.
15:50 of 2nd period - Snap shot by Frank Vatrano.
15:50 of 2nd period - Goal by Frank Vatrano - Lightning : 2 - Jets : 5.
15:51 of 2nd period - Ryan Johansen wins face-off versus Brayden Point in neutral zone.
16:00 of 2nd period - Slapshot by Viktor Arvidsson.
16:00 of 2nd period - Stopped by Jimmy Howard with a rebound.
16:02 of 2nd period - Slapshot by Ryan Johansen.
16:02 of 2nd period - Stopped by Jimmy Howard with a rebound.
16:04 of 2nd period - Wrist shot by Max Domi.
16:04 of 2nd period - Stopped by Jimmy Howard with a rebound.
16:06 of 2nd period - Slapshot by Ryan Johansen.
16:06 of 2nd period - Stopped by Jimmy Howard with a rebound.
16:08 of 2nd period - Wrist shot by Viktor Arvidsson.
16:08 of 2nd period - Shot Blocked by Jimmy Vesey.
16:32 of 2nd period - Icing by Eric Nystrom.
16:33 of 2nd period - Alexander Wennberg wins face-off versus Mark Scheifele in Jets zone.
17:02 of 2nd period - Wrist shot by Eric Nystrom.
17:02 of 2nd period - Shot Misses the Net.
17:19 of 2nd period - Brent Burns is hit by Brandon Sutter and loses puck.
17:42 of 2nd period - Snap shot by Frank Vatrano.
17:42 of 2nd period - Shot Misses the Net.
18:02 of 2nd period - Slapshot by Kevin Shattenkirk.
18:02 of 2nd period - Shot Misses the Net.
18:04 of 2nd period - Slapshot by Kevin Shattenkirk.
18:04 of 2nd period - Deflect By Adam Henrique.
18:04 of 2nd period - Stopped by Michal Neuvirth with a rebound.
18:06 of 2nd period - Wrist shot by Ondrej Palat.
18:06 of 2nd period - Shot Misses the Net.
18:08 of 2nd period - Wrist shot by Jesper Fast.
18:08 of 2nd period - Shot Misses the Net.
18:10 of 2nd period - Slapshot by Kevin Shattenkirk.
18:10 of 2nd period - Deflect By Dougie Hamilton.
18:10 of 2nd period - Goal by Kevin Shattenkirk - Lightning : 3 - Jets : 5.
18:11 of 2nd period - Mark Scheifele wins face-off versus Ryan Johansen in neutral zone.
18:18 of 2nd period - Snap shot by Mark Scheifele.
18:18 of 2nd period - Shot Misses the Net.
18:30 of 2nd period - Max Domi is hit by Nick Bjugstad and loses puck.
19:19 of 2nd period - Minor Penalty to Kevin Shattenkirk for Hooking.
19:20 of 2nd period - Adam Henrique wins face-off versus Mark Scheifele in Lightning zone.
Goals for this period are 3 for Lightning vs 3 for Jets.
Shots for this period are 14 for Lightning vs 16 for Jets.
3rd period
0:01 of 3rd period - Adam Henrique wins face-off versus Mark Scheifele in neutral zone.
0:30 of 3rd period - Snap shot by Ryan Johansen.
0:30 of 3rd period - Goal by Ryan Johansen - Lightning : 3 - Jets : 6.
0:31 of 3rd period - Ryan Johansen wins face-off versus Mark Scheifele in neutral zone.
1:21 of 3rd period - Snap shot by Jordan Martinook.
1:21 of 3rd period - Shot Misses the Net.
1:23 of 3rd period - Wrist shot by Brent Burns.
1:23 of 3rd period - Stopped by Jimmy Howard with a rebound.
1:25 of 3rd period - Snap shot by Marco Scandella.
1:25 of 3rd period - Shot Misses the Net.
1:27 of 3rd period - Wrist shot by Noel Acciari.
1:27 of 3rd period - Shot Misses the Net.
1:29 of 3rd period - Wrist shot by Noel Acciari.
1:29 of 3rd period - Deflect By Frank Vatrano.
1:29 of 3rd period - Goal by Frank Vatrano - Lightning : 3 - Jets : 7.
1:30 of 3rd period - Adam Henrique wins face-off versus Nick Bjugstad in neutral zone.
1:47 of 3rd period - Jeff Schultz is hit by Mark Scheifele and loses puck.
2:04 of 3rd period - Snap shot by Conor Sheary.
2:04 of 3rd period - Deflect By Sergei Shirokov.
2:04 of 3rd period - Stopped by Michal Neuvirth without a rebound.
2:05 of 3rd period - Ryan Johansen wins face-off versus Brayden Point in Jets zone.
2:12 of 3rd period - Slapshot by Jake McCabe.
2:12 of 3rd period - Shot Blocked by Justin Schultz.
2:46 of 3rd period - Icing by Dougie Hamilton.
2:47 of 3rd period - Alexander Wennberg wins face-off versus Brandon Sutter in Jets zone.
3:19 of 3rd period - Slapshot by Kevin Shattenkirk.
3:19 of 3rd period - Stopped by Michal Neuvirth with a rebound.
3:21 of 3rd period - Slapshot by Nick Bjugstad.
3:21 of 3rd period - Shot Blocked by Marco Scandella.
4:35 of 3rd period - Jeff Schultz is hit by Mark Scheifele.
4:59 of 3rd period - Snap shot by Jimmy Vesey.
4:59 of 3rd period - Shot Misses the Net.
5:01 of 3rd period - Wrist shot by Brayden Point.
5:01 of 3rd period - Shot Blocked by Jake McCabe.
5:51 of 3rd period - Joni Pitkanen is hit by Johnny Boychuk and loses puck.
6:37 of 3rd period - Viktor Arvidsson is hit by Conor Sheary and loses puck.
6:49 of 3rd period - Icing by Brent Seabrook.
6:50 of 3rd period - Adam Henrique wins face-off versus Ondrej Palat in Lightning zone.
7:11 of 3rd period - Minor Penalty to Adam Henrique for Hooking.
7:12 of 3rd period - Noel Acciari wins face-off versus Mark Scheifele in Jets zone.
7:12 of 3rd period - Noel Acciari is hit by Mark Scheifele.
7:24 of 3rd period - Wrist shot by Kevin Shattenkirk.
7:24 of 3rd period - Stopped by Michal Neuvirth without a rebound.
7:25 of 3rd period - Mark Scheifele wins face-off versus Noel Acciari in Jets zone.
7:30 of 3rd period - Slapshot by Kevin Shattenkirk.
7:30 of 3rd period - Stopped by Michal Neuvirth with a rebound.
7:32 of 3rd period - Slapshot by Kevin Shattenkirk.
7:32 of 3rd period - Deflect By Nikolaj Ehlers.
7:32 of 3rd period - Goal by Nikolaj Ehlers - Lightning : 4 - Jets : 7.
7:33 of 3rd period - Mark Scheifele wins face-off versus Adam Henrique in neutral zone.
9:14 of 3rd period - Snap shot by Viktor Arvidsson.
9:14 of 3rd period - Deflect By Ryan Johansen.
9:14 of 3rd period - Stopped by Jimmy Howard with a rebound.
9:32 of 3rd period - Wrist shot by Kyle Clifford.
9:32 of 3rd period - Shot Misses the Net.
9:34 of 3rd period - Slapshot by Justin Schultz.
9:34 of 3rd period - Shot Blocked by Jake McCabe.
9:36 of 3rd period - Snap shot by Mark Scheifele.
9:36 of 3rd period - Shot Misses the Net.
9:38 of 3rd period - Snap shot by Kyle Clifford.
9:38 of 3rd period - Deflect By Adam Henrique.
9:38 of 3rd period - Shot Blocked by Johnny Boychuk.
9:38 of 3rd period - Puck is out of play.
9:39 of 3rd period - Ryan Johansen wins face-off versus Brayden Point in Jets zone.
9:39 of 3rd period - Ryan Johansen is hit by Brayden Point.
9:44 of 3rd period - Off-side.
9:45 of 3rd period - Brayden Point wins face-off versus Ryan Johansen in neutral zone.
11:02 of 3rd period - Wrist shot by Jordan Martinook.
11:02 of 3rd period - Shot Misses the Net.
11:04 of 3rd period - Snap shot by Jordan Martinook.
11:04 of 3rd period - Shot Misses the Net.
11:06 of 3rd period - Snap shot by Noel Acciari.
11:06 of 3rd period - Shot Blocked by Shayne Gostisbehere.
12:09 of 3rd period - Alexander Wennberg is hit by Brayden Point and loses puck.
12:41 of 3rd period - Off-side.
12:42 of 3rd period - Erik Christensen wins face-off versus Pierre-Marc Bouchard in neutral zone.
12:47 of 3rd period - Wrist shot by Jesper Fast.
12:47 of 3rd period - Shot Misses the Net.
13:33 of 3rd period - Slapshot by Kevin Shattenkirk.
13:33 of 3rd period - Stopped by Michal Neuvirth without a rebound.
13:34 of 3rd period - Noel Acciari wins face-off versus Brandon Sutter in Jets zone.
13:34 of 3rd period - Noel Acciari is hit by Justin Schultz.
13:42 of 3rd period - Slapshot by Jeff Schultz.
13:42 of 3rd period - Deflect By Jordan Martinook.
13:42 of 3rd period - Stopped by Jimmy Howard without a rebound.
13:43 of 3rd period - Brandon Sutter wins face-off versus Ryan Johansen in Lightning zone.
13:54 of 3rd period - Slapshot by Justin Schultz.
13:54 of 3rd period - Stopped by Michal Neuvirth without a rebound.
13:55 of 3rd period - Mark Scheifele wins face-off versus Ryan Johansen in Jets zone.
14:22 of 3rd period - Alexander Wennberg is hit by Nikolaj Ehlers and loses puck.
14:35 of 3rd period - Wrist shot by Nikolaj Ehlers.
14:35 of 3rd period - Stopped by Michal Neuvirth without a rebound.
14:36 of 3rd period - Brandon Sutter wins face-off versus Max Domi in Jets zone.
14:37 of 3rd period - Slapshot by Sergei Shirokov.
14:37 of 3rd period - Stopped by Michal Neuvirth with a rebound.
15:06 of 3rd period - Minor Penalty to Ryan Johansen for Interference.
15:07 of 3rd period - Mark Scheifele wins face-off versus Noel Acciari in Jets zone.
15:37 of 3rd period - Slapshot by Kevin Shattenkirk.
15:37 of 3rd period - Goal by Kevin Shattenkirk - Lightning : 5 - Jets : 7.
15:38 of 3rd period - Ryan Johansen wins face-off versus Brayden Point in neutral zone.
15:59 of 3rd period - Kevin Shattenkirk is hit by Dougie Hamilton.
16:29 of 3rd period - Wrist shot by Max Domi.
16:29 of 3rd period - Deflect By Joni Pitkanen.
16:29 of 3rd period - Shot Blocked by Wiley Sherman.
16:29 of 3rd period - Puck is out of play.
16:30 of 3rd period - Brandon Sutter wins face-off versus Adam Henrique in Lightning zone.
16:30 of 3rd period - Brandon Sutter is hit by Kyle Okposo.
16:58 of 3rd period - Jake McCabe is hit by Kevin Shattenkirk and loses puck.
17:01 of 3rd period - Minor Penalty to Shayne Gostisbehere for Holding Stick.
17:02 of 3rd period - Adam Henrique wins face-off versus Mark Scheifele in Lightning zone.
18:23 of 3rd period - Erik Christensen is hit by Jake McCabe and loses puck.
18:36 of 3rd period - Wrist shot by Brandon Sutter.
18:36 of 3rd period - Shot Blocked by Jake McCabe.
18:38 of 3rd period - Slapshot by Justin Schultz.
18:38 of 3rd period - Shot Misses the Net.
18:40 of 3rd period - Wrist shot by Joni Pitkanen.
18:40 of 3rd period - Shot Blocked by Dougie Hamilton.
19:01 of 3rd period - Penalty to Shayne Gostisbehere is over, Shayne Gostisbehere is back on ice.
Goals for this period are 2 for Lightning vs 2 for Jets.
Shots for this period are 10 for Lightning vs 5 for Jets.